General information
- name: obs
- type: Custom game
- host: Tea1991
- saver: birdtoss
map: EchoIsles
- players: 2
- length: 21:53
- speed: Fast
- version: 1.21 W3XP
- replay type: Public
» download(89 KB)
Players
team 1 (loser)

»
Tea1991 (
purple | 143 APM | 3137 actions | 21:52)
4 Death Knight
2 Death Coil
2 Unholy Aura
2 Lich
1 Frost Nova
1 Frost Armor
» actions
| Assign group hotkey | 105 | |
| Basic commands | 207 | |
| Build / train | 70 | |
| Enter build submenu | 14 | |
| Enter hero's abilities submenu | 6 | |
| Give item / drop item | 3 | |
| Right click | 1490 | |
| Select / deselect | 501 | |
| Select group hotkey | 660 | |
| Use ability | 81 | |
3137 total
» units
| Acolyte | 4 | |
| Ghoul | 2 | |
| Crypt Fiend | 17 | |
| Frost Wyrm | 5 | |
28 total
» upgrades
| Creature Attack | 1 | |
| Creature Carapace | 1 | |
| Web | 1 | |
3 total
» buildings
| Crypt | 1 | |
| Graveyard | 1 | |
| Ziggurat | 5 | |
| Altar of Darkness | 1 | |
| Tomb of Relics | 1 | |
| Nerubian Tower | 2 | |
| Halls of the Dead | 2 | |
| Black Citadel | 2 | |
| Sacrificial Pit | 1 | |
| Boneyard | 1 | |
17 total
» build order
00:06 Crypt
00:17 Graveyard
00:36 Ziggurat
00:55 Altar of Darkness
01:23 Tomb of Relics
01:59 Ziggurat
02:49 Nerubian Tower
02:49 Nerubian Tower
05:02 Halls of the Dead
05:02 Halls of the Dead
05:22 Ziggurat
07:14 Ziggurat
07:30 Black Citadel
13:04 Sacrificial Pit
14:58 Boneyard
18:21 Ziggurat
» items
| Rod of Necromancy | 1 | |
| Dust of Appearance | 1 | |
| Potion of Healing | 4 | |
| Scroll of Town Portal | 8 | |
| Orb of Corruption | 1 | |
| Scroll of Healing | 1 | |
| Potion of Mana | 2 | |
| Potion of Invulnerability | 1 | |
19 total
team 2 (winner)

»
birdtoss (
red | 146 APM | 3202 actions | 21:53)
4 Blademaster
2 Wind Walk
2 Critical Strike
3 Shadow Hunter
1 Hex
2 Healing Wave
1 Tauren Chieftain
1 War Stomp
» actions
| Assign group hotkey | 26 | |
| Basic commands | 329 | |
| Build / train | 82 | |
| Enter build submenu | 15 | |
| Enter hero's abilities submenu | 8 | |
| Give item / drop item | 2 | |
| Right click | 914 | |
| Select / deselect | 289 | |
| Select group hotkey | 1422 | |
| Use ability | 115 | |
3202 total
» units
| Peon | 15 | |
| Grunt | 3 | |
| Wind Rider | 9 | |
| Troll Batrider | 1 | |
| Kodo Beast | 1 | |
29 total
» upgrades
| Berserker Strength | 1 | |
| Armor | 2 | |
| Ranged Weapons | 1 | |
| Envenomed Spears | 1 | |
| War Drums Damage Increase | 1 | |
| Reinforced Defenses | 1 | |
7 total
» buildings
| Altar of Storms | 1 | |
| Orc Burrow | 7 | |
| Barracks | 1 | |
| Voodoo Lounge | 1 | |
| Stronghold | 3 | |
| Beastiary | 2 | |
| War Mill | 1 | |
| Great Hall | 2 | |
| Fortress | 1 | |
19 total
» build order
00:08 Altar of Storms
00:23 Orc Burrow
00:35 Barracks
01:34 Orc Burrow
01:58 Voodoo Lounge
03:02 Stronghold
03:02 Stronghold
03:03 Stronghold
03:19 Orc Burrow
04:24 Orc Burrow
05:34 Beastiary
05:56 Beastiary
07:30 War Mill
09:02 Great Hall
09:32 Great Hall
10:30 Orc Burrow
13:05 Orc Burrow
13:06 Orc Burrow
13:13 Fortress
» items
| Healing Salve | 5 | |
| Lesser Clarity Potion | 3 | |
| Scroll of Speed | 1 | |
| Potion of Healing | 2 | |
| Potion of Lesser Invulnerability | 3 | |
| Scroll of Healing | 3 | |
| Scroll of Town Portal | 4 | |
| Dust of Appearance | 1 | |
| Orb of Lightning | 1 | |
| Scroll of Protection | 1 | |
24 total
Chat log
(00:10 / All) birdtoss: gl hf
(00:13 / All) Tea1991: hf
(00:15 / All) Tea1991: hf
(03:23 / All) birdtoss: you got your good race :)
(15:08 / All) birdtoss: man you sure like buying tps
(21:50 / All) birdtoss: gg
(21:52 / All) Tea1991: gg